 Dungeon Crawl Stone Soup version 0.30-a0-1114-gd936c97349 (webtiles) character file.

Game seed: 12704238313612003567

72 Dordric the Insei (level 4, -2/28 HPs)
             Began as an Octopode Transmuter on Apr 20, 2023.
             Slain by a gnoll
             ... wielding a +0 spear
              (6 damage)
             ... on level 1 of the Dungeon.
             The game lasted 00:02:41 (1448 turns).

Dordric the Insei (Octopode Transmuter)             Turns: 1448, Time: 00:02:42

Health: -2/28      AC:  1    Str: 11    XL:     4   Next: 25%
Magic:  4/7        EV: 13    Int: 15    God:
Gold:   78         SH:  0    Dex: 12    Spells: 4/7 levels left

rFire   + . .      SeeInvis .    h - +0 dagger (speed)
rCold   . . .      Faith    .    (no shield)
rNeg    . . .      Spirit   .    (helmet currently unavailable)
rPois   .          Reflect  .    (no amulet)
rElec   .          Rampage  .    m - ring of protection from fire
rCorr   .                        (no ring)
Will    .....                    (no ring)
Stlth   ++                       (no ring)
HPRegen 0.24/turn                (no ring)
MPRegen 0.10/turn                (no ring)
                                 (no ring)
                                 (no ring)

@: appendages, wereblooded
A: tentacle spike 3, almost no armour, amphibious, 8 rings, camouflage 1,
gelatinous body 1, (nimble swimmer 1), tentacles
a: End Transformation


You were on level 1 of the Dungeon.
One of your tentacles had grown a beastly spike.
You visited 1 branch of the dungeon, and saw 2 of its levels.

You collected 78 gold pieces.

Inventory:

Hand Weapons
 d - a +1 whip of freezing
 h - a +0 dagger of speed (weapon)
Jewellery
 m - a ring of protection from fire (left tentacle)
Scrolls
 e - 3 scrolls of immolation {unknown}
 g - 2 scrolls of teleportation {unknown}
 i - a scroll of identify {unknown}
 j - a scroll of fear {unknown}
 k - a scroll of vulnerability {unknown}
Potions
 a - a potion of lignification
 b - 2 potions of flight {unknown}
 c - 2 potions of haste {unknown}
 f - 2 potions of curing {unknown}
 l - a potion of cancellation {unknown}


   Skills:
 - Level 1.0 Fighting
 - Level 2.0 Dodging
 + Level 4.1 Unarmed Combat
 - Level 2.0 Spellcasting
 + Level 3.3 Transmutations


You had 4 spell levels left.
You knew the following spells:

 Your Spells              Type           Power      Damage    Failure   Level
a - Beastly Appendage     Tmut           22%        N/A       5%          1
b - Wereblood             Tmut           11%        N/A       9%          2

Your spell library contained the following spells:

 Spells                   Type           Power      Damage    Failure   Level
 Spider Form              Tmut/Pois      6%         N/A       32%         3
 Ice Form                 Ice/Tmut       6%         N/A       73%         4


Dungeon Overview and Level Annotations

Branches:
Dungeon (2/15)

Altars:


Innate Abilities, Weirdness & Mutations

One of your tentacles has grown a beastly spike.
You cannot wear most types of armour.
You are amphibious.
You can wear up to eight rings at the same time.
Your skin changes colour to match your surroundings (Stealth+).
Your rubbery body absorbs attacks. (AC +1, EV +1)
((You are camouflaged when in or above water. (Stealth+)))
You have tentacles for arms and can constrict up to eight enemies at once.


Message History

You are too injured to fight recklessly!
You are too injured to fight recklessly!
You are too injured to fight recklessly!
You are too injured to fight recklessly!
You are too injured to fight recklessly!
You are too injured to fight recklessly!
You are too injured to fight recklessly!
There are monsters nearby!
Unknown command.
You release your grip on the gnoll.
The gnoll barely misses you.
Your magical contamination has completely faded away.
The gnoll attacks as you move away! The gnoll hits you with a +0 whip!
* * * LOW HITPOINT WARNING * * *
There is a stone staircase leading up here.
You climb upwards.
There is a stone staircase leading down here.
HP restored.
Done exploring.
You climb downwards.
The gnoll barely misses you.
There is a stone staircase leading up here.
The gnoll hits you with a +0 spear. The gnoll hits you with a +0 whip.
You climb upwards.
There is a stone staircase leading down here.
The gnoll attacks as you move away! The gnoll misses you.
The gnoll hits you with a +0 spear! The gnoll misses you.
The gnoll attacks as you move away! The gnoll barely misses you.
You are too injured to fight recklessly!
Casting: Wereblood (safe; 9% risk of failure)
Confirm with . or Enter, or press ? or * to list all spells.
Your blood is infused with primal strength.
The gnoll misses you.
The gnoll hits you from afar with a +0 spear.
Casting: Wereblood (safe; 9% risk of failure)
Confirm with . or Enter, or press ? or * to list all spells.
One of your tentacles grows a vicious spike.
The gnoll hits you with a +0 whip.
* * * LOW HITPOINT WARNING * * *
The gnoll hits you from afar with a +0 spear.
You die...

############ #.# ##########
#....# #.###........###
#....########## #............#..
#....##.......# #####........#..
#...........#.########.########..
......#.###.#....................
......+...#....#######.########..
......#.....#.########.########..
####....>.....gg@................
# ####..##.#.####..#............
# #..##.#.# #..#............ #
#.....#.####....#########.. #
####.#####.#........)## #..
####.....# #........##..# ###
.........# ###......###.##
####.....# #......# #..## #.....#
#..)...# ##..##


You could see 2 gnolls.

Vanquished Creatures
  Terence (D:2)
  An adder (D:2)
  2 worms (D:2)
  2 dart slugs
  2 ball pythons (D:1)
  3 endoplasms
  2 giant cockroaches
  2 hobgoblins
  2 quokkas
  2 bats (D:1)
  3 frilled lizards (D:1)
  4 goblins
  3 kobolds
  3 rats (D:1)
32 creatures vanquished.

Notes
Turn   | Place    | Note
-------+----------+-------------------------------------------
     0 | D:1      | Dordric the Octopode Transmuter began the quest for the
                  | Orb.
     0 | D:1      | Reached XP level 1. HP: 13/13 MP: 3/3
   209 | D:1      | Reached XP level 2. HP: 18/18 MP: 5/5
   635 | D:1      | Learned a level 2 spell: Wereblood
   696 | D:2      | Reached XP level 3. HP: 12/23 MP: 4/6
  1254 | D:2      | Noticed Terence
  1268 | D:2      | Killed Terence
  1269 | D:2      | Reached skill level 4 in Unarmed Combat
  1269 | D:2      | Reached XP level 4. HP: 19/28 MP: 4/7
  1448 | D:1      | Slain by a gnoll

Illustrated notes

Levels and vault maps discovered:
D:1:      minmay_arrival_stair_chambers, layout_basic, serial_park_tiny_1
D:2:      layout_rooms, serial_rivers, chequers_serial_rivers_micro_a,
          chequers_serial_rivers_micro_e, chequers_serial_rivers_small_b,
          chequers_serial_rivers_small_b, chequers_serial_rivers_marsh,
          chequers_serial_rivers_large_b, uniq_terence

Skill      XL: |  1  2  3 |
---------------+----------+-----
Transmutations | 3 |  3.3
Unarmed Combat | 4 |  4.1
Fighting       | |  1.0
Dodging        | |  2.0
Spellcasting   | |  2.0

Action                     |  1- 3 |  4- 6 || total
---------------------------+-------+-------++-------
  Melee: Unarmed           |     8 |       ||     8
         Whip              |    37 |       ||    37
         Constrict         |    17 |     1 ||    18
         Tentacles         |    12 |       ||    12
         Punch             |     3 |       ||     3
         Kick              |    11 |       ||    11
         Dagger            |    15 |     3 ||    18
   Cast: Beastly Appendage |    18 |     1 ||    19
         Wereblood         |     1 |     1 ||     2
   Stab: Sleeping          |     9 |       ||     9
 Armour: Skin              |     5 |       ||     5
  Dodge: Dodged            |    25 |     9 ||    34

Table legend: (Time is in decaauts)
 A = Elapsed time spent in this place.
 B = Non-inter-level travel time spent in this place.
 C = Inter-level travel time spent in this place.
 D = Time resting spent in this place.
 E = Time spent auto-exploring this place.
 F = Levels seen in this place.
 G = Mean time per level.
                   A        B        C        D        E       F      G
               +--------+--------+--------+--------+--------+-----+--------+
         Total |   1444 |   1384 |     60 |      0 |   1094 |   2 |  722.0 |
       Dungeon |   1444 |   1384 |     60 |      0 |   1094 |   2 |  722.0 |
               +--------+--------+--------+--------+--------+-----+--------+

Top non-repeatable levels by time:
     D:1: 767 daAuts
     D:2: 677 daAuts
